[Event "African Games-chT 2019"]
[Site "Casablanca"]
[Date "2019.08.24"]
[Round "3.28"]
[White "Eshete, Ruth Leykun"]
[Black "Mentile, Lishen"]
[Result "0-1"]
[ECO "D10"]
[WhiteElo "1495"]
[BlackElo "1513"]
[Annotator "NA"]
[PlyCount "87"]
[EventDate "2019.08.24"]
[EventType "team-tourn"]
[EventCountry "MAR"]
[SourceTitle "playchess.com"]
[Source "ChessBase"]
[SourceQuality "1"]
[WhiteTeam "Ethiopia"]
[BlackTeam "Namibia"]
[WhiteTeamCountry "ETH"]
[BlackTeamCountry "NAM"]
[TimeControl "900+10"]

1. d4 d5 2. c4 c6 3. Nc3 Nf6 4. Bf4 Bf5 5. Nf3 e6 6. a3 h6 7. h3 Be7 8. e3 Nbd7 9. Be2 dxc4 10. Bxc4 Nb6 11. Bd3 Bxd3 12. Qxd3 O-O 13. O-O Nfd5 14. Nxd5 Nxd5 15. Bh2 Rc8 16. Rac1 Re8 17. Qe4 Nf6 18. Qc2 Qd5 19. Qd1 Red8 20. Ne5 Bd6 21. Nf3 Bxh2+ 22. Nxh2 Ne4 23. Nf3 f6 24. Nd2 Nxd2 25. Qxd2 e5 26. Rfd1 exd4 27. exd4 Rd7 28. Qb4 Rcd8 29. Qa4 a6 30. Rc5 Qe4 31. Qb3+ Kh8 32. Rc3 Qd5 33. Qxd5 Rxd5 34. Rb3 R8d7 35. Rbd3 c5 36. Kf1 cxd4 37. Rc1 Kg8 38. Ke2 Kf7 39. Kf3 Rf5+ 40. Ke2 Re7+ 41. Kd2 Rxf2+ 42. Kd1 Rxb2 43. Rxd4 Rxg2 44. Ra1 0-1

[Event "African Games-chT 2019"]
[Site "Casablanca"]
[Date "2019.08.24"]
[Round "3.29"]
[White "Mwale, Joseph"]
[Black "Marie, Patrick"]
[Result "1/2-1/2"]
[ECO "B33"]
[WhiteElo "2231"]
[BlackElo "1921"]
[Annotator "NA"]
[PlyCount "103"]
[EventDate "2019.08.24"]
[EventType "team-tourn"]
[EventCountry "MAR"]
[SourceTitle "playchess.com"]
[Source "ChessBase"]
[SourceQuality "1"]
[WhiteTeam "MAW"]
[BlackTeam "Mauritius"]
[BlackTeamCountry "MRI"]
[TimeControl "900+10"]

1. e4 c5 2. Nf3 Nc6 3. d4 cxd4 4. Nxd4 Nf6 5. Nc3 g6 6. Nxc6 dxc6 7. Qxd8+ Kxd8 8. e5 Nd5 9. Nxd5 cxd5 10. Bg5 h6 11. Be3 e6 12. O-O-O Bd7 13. f4 b6 14. Be2 Rc8 15. g4 Bc6 16. f5 Bc5 17. Bxc5 bxc5 18. fxe6 fxe6 19. Rhf1 Ke7 20. Rf6 g5 21. Rd3 Bb5 22. Re3 Bxe2 23. Rxe2 Rcf8 24. Ref2 Rxf6 25. Rxf6 h5 26. Rg6 hxg4 27. Rxg5 Rxh2 28. Rxg4 Kf7 29. Rf4+ Kg6 30. Rf6+ Kg5 31. Rxe6 Rh1+ 32. Kd2 Rh2+ 33. Kd3 Kf5 34. Ra6 Rh3+ 35. Kd2 Rh2+ 36. Ke3 Kxe5 37. Rxa7 Rxc2 38. Rb7 Rc4 39. b3 Rh4 40. a4 Rh3+ 41. Ke2 Kd4 42. a5 Rh2+ 43. Kf3 Ra2 44. Rb5 c4 45. bxc4 Kxc4 46. Rb1 Rxa5 47. Rc1+ Kd4 48. Rd1+ Kc3 49. Ke3 Kc4 50. Rc1+ Kb3 51. Kd4 Kb2 52. Rc5 1/2-1/2

[Event "African Games-chT 2019"]
[Site "Casablanca"]
[Date "2019.08.24"]
[Round "3.30"]
[White "Naipal, Hoolan"]
[Black "Mphungu, Gerrard"]
[Result "0-1"]
[ECO "B91"]
[WhiteElo "1785"]
[BlackElo "2107"]
[Annotator "NA"]
[PlyCount "85"]
[EventDate "2019.08.24"]
[EventType "team-tourn"]
[EventCountry "MAR"]
[SourceTitle "playchess.com"]
[Source "ChessBase"]
[SourceQuality "1"]
[WhiteTeam "Mauritius"]
[BlackTeam "MAW"]
[WhiteTeamCountry "MRI"]
[TimeControl "900+10"]

1. e4 c5 2. Nf3 d6 3. d4 cxd4 4. Nxd4 Nf6 5. Nc3 a6 6. g3 e5 7. Nde2 Be6 8. Bg2 Be7 9. O-O O-O 10. Bg5 Nbd7 11. a4 Qc7 12. Qd2 Rfc8 13. Rfc1 Nb6 14. b3 Rd8 15. Bxf6 Bxf6 16. a5 Nd7 17. Nd5 Bxd5 18. exd5 b6 19. c4 Rdb8 20. b4 Ra7 21. Ra2 bxa5 22. Rxa5 Qb6 23. c5 Qxb4 24. Qxb4 Rxb4 25. c6 Nc5 26. h4 Bd8 27. Ra3 Ra8 28. f4 f6 29. fxe5 fxe5 30. Kh2 Rab8 31. Rxc5 dxc5 32. Rxa6 Rb2 33. Nc3 Rc2 34. Ne4 Rbb2 35. Ra8 Rxg2+ 36. Kh3 h5 37. Rxd8+ Kf7 38. Ng5+ Ke7 39. Rd7+ Ke8 40. Nf3 Rgf2 41. d6 Rf1 42. Re7+ Kf8 43. d7 0-1

[Event "African Games-chT 2019"]
[Site "Casablanca"]
[Date "2019.08.24"]
[Round "3.31"]
[White "Nkhoma, Desiderata"]
[Black "Essoo, Uvika"]
[Result "1-0"]
[ECO "B01"]
[WhiteElo "1481"]
[BlackElo "1187"]
[Annotator "NA"]
[PlyCount "67"]
[EventDate "2019.08.24"]
[EventType "team-tourn"]
[EventCountry "MAR"]
[SourceTitle "playchess.com"]
[Source "ChessBase"]
[SourceQuality "1"]
[WhiteTeam "MAW"]
[BlackTeam "Mauritius"]
[BlackTeamCountry "MRI"]
[TimeControl "900+10"]

1. e4 d5 2. exd5 Qxd5 3. Nf3 Nf6 4. Be2 Bf5 5. O-O e6 6. Nc3 Qd8 7. d4 c6 8. h3 Bd6 9. Bg5 Nbd7 10. Bd3 Bxd3 11. Qxd3 O-O 12. Rfe1 Re8 13. Ne5 Qc7 14. Nxd7 Nxd7 15. Ne4 Be7 16. Bxe7 Rxe7 17. Ng5 g6 18. h4 Nf6 19. Qh3 Nh5 20. g3 h6 21. Ne4 f5 22. Nc5 e5 23. dxe5 Rxe5 24. Nd3 Re7 25. Rxe7 Qxe7 26. Re1 Qf6 27. c3 Rd8 28. Qf1 Qd6 29. Nb4 a5 30. Qc4+ Kh7 31. Qf7+ Ng7 32. Nc2 Rf8 33. Qxb7 Qd2 34. Qb3 1-0

[Event "African Games-chT 2019"]
[Site "Casablanca"]
[Date "2019.08.24"]
[Round "3.32"]
[White "Beekhy, Aamirah"]
[Black "Msukwa, Tupokiwe"]
[Result "1/2-1/2"]
[ECO "D02"]
[WhiteElo "1373"]
[BlackElo "1289"]
[Annotator "NA"]
[PlyCount "42"]
[EventDate "2019.08.24"]
[EventType "team-tourn"]
[EventCountry "MAR"]
[SourceTitle "playchess.com"]
[Source "ChessBase"]
[SourceQuality "1"]
[WhiteTeam "Mauritius"]
[BlackTeam "MAW"]
[WhiteTeamCountry "MRI"]
[TimeControl "900+10"]

1. d4 d5 2. Nf3 e6 3. Bf4 c5 4. e3 Nc6 5. Be2 Nf6 6. h3 h6 7. O-O cxd4 8. exd4 Bd6 9. Bxd6 Qxd6 10. c4 O-O 11. cxd5 Nxd5 12. Nc3 Nf6 13. Rc1 Rd8 14. Nb5 Qd7 15. Qa4 a6 16. Rfd1 Qe7 17. Qa5 Nxa5 18. Nc7 Ra7 19. Ne5 b5 20. Nc6 Nxc6 21. Rxc6 Rxc7 1/2-1/2

[Event "African Games-chT 2019"]
[Site "Casablanca"]
[Date "2019.08.24"]
[Round "4.3"]
[White "Mayar ElIdrissi, Firdaous"]
[Black "Wafa, Shrook"]
[Result "0-1"]
[ECO "B50"]
[WhiteElo "1760"]
[BlackElo "2183"]
[Annotator "NA"]
[PlyCount "166"]
[EventDate "2019.08.24"]
[EventType "team-tourn"]
[EventCountry "MAR"]
[SourceTitle "playchess.com"]
[Source "ChessBase"]
[SourceQuality "1"]
[WhiteTeam "Morocco"]
[BlackTeam "Egypt"]
[WhiteTeamCountry "MAR"]
[BlackTeamCountry "EGY"]
[TimeControl "900+10"]

1. e4 c5 2. Nf3 d6 3. d3 g6 4. g3 Bg7 5. Bg2 Nc6 6. O-O Nf6 7. Nc3 O-O 8. h3 Rb8 9. a4 a6 10. Nh2 b5 11. axb5 axb5 12. b3 Nd4 13. Bd2 Qc7 14. Ra2 Be6 15. Ne2 Nxe2+ 16. Qxe2 c4 17. Ba5 Qc8 18. Ra3 cxb3 19. cxb3 Bxh3 20. b4 Bxg2 21. Kxg2 Qc6 22. Ra2 Rfc8 23. Nf3 Nd7 24. Rh1 h6 25. Qe3 Qc3 26. Rd2 Ne5 27. Ne1 Nc6 28. Rc2 Qd4 29. Qc1 Na7 30. Qd2 Rxc2 31. Nxc2 Qb2 32. Qd1 Rc8 33. Ne3 Nc6 34. Qb1 Qxb1 35. Rxb1 Nd4 36. Nd5 Kf8 37. Bb6 Rc2 38. Ra1 Be5 39. Ra8+ Kg7 40. Nxe7 Ne6 41. Be3 Bf6 42. Nd5 Rb2 43. Rb8 Bd4 44. Rxb5 Bxe3 45. Nxe3 Nd4 46. Rb6 Rb3 47. Nc4 Rxd3 48. Rxd6 Nc2 49. b5 Rb3 50. b6 Kf8 51. Rd7 Ke8 52. Ra7 Kd8 53. Rxf7 Nd4 54. b7 Nc6 55. e5 Ne7 56. Na5 Rb5 57. Nc6+ Nxc6 58. Rg7 Ne7 59. Rf7 Rxb7 60. f4 Kd7 61. g4 Ke8 62. Rh7 Rb4 63. Kf3 Nd5 64. f5 gxf5 65. gxf5 Rf4+ 66. Ke2 Rxf5 67. Rxh6 Rxe5+ 68. Kd2 Ke7 69. Kd3 Nf6 70. Kc3 Rf5 71. Rh1 Kd6 72. Kd4 Rf4+ 73. Ke3 Ke5 74. Ra1 Nd5+ 75. Kd3 Rd4+ 76. Ke2 Ke4 77. Ra3 Nf4+ 78. Kf2 Rd2+ 79. Ke1 Rb2 80. Kd1 Nd5 81. Kc1 Rg2 82. Kd1 Ne3+ 83. Kc1 Rg1+ {[%emt 0:00:06] Ra1 Ke5+} 0-1

[Event "African Games-chT 2019"]
[Site "Casablanca"]
[Date "2019.08.24"]
[Round "4.4"]
[White "Wafa, Shahenda"]
[Black "Rania, Sbai"]
[Result "1-0"]
[ECO "C78"]
[WhiteElo "2139"]
[BlackElo "1853"]
[Annotator "NA"]
[PlyCount "58"]
[EventDate "2019.08.24"]
[EventType "team-tourn"]
[EventCountry "MAR"]
[SourceTitle "playchess.com"]
[Source "ChessBase"]
[SourceQuality "1"]
[WhiteTeam "Egypt"]
[BlackTeam "Morocco"]
[WhiteTeamCountry "EGY"]
[BlackTeamCountry "MAR"]
[TimeControl "900+10"]

1. e4 e5 2. Nf3 Nc6 3. Bb5 a6 4. Ba4 Nf6 5. O-O b5 6. Bb3 d6 7. Ng5 Be6 8. Bxe6 fxe6 9. Nxe6 Qd7 10. Nxf8 Rxf8 11. d3 Qg4 12. Qxg4 Nxg4 13. c3 Kd7 14. h3 Nf6 15. Be3 Rab8 16. Nd2 Ne7 17. d4 Ng6 18. Rfd1 Rbe8 19. f3 Nh5 20. Nb3 Kc8 21. a4 exd4 22. Nxd4 bxa4 23. Rxa4 Kb7 24. Nc2 Ne5 25. Rda1 Ra8 26. Nb4 Nc4 27. Nd5 Nxe3 28. Nxe3 Nf4 29. Nd5 Nxd5 1-0

[Event "African Games-chT 2019"]
[Site "Casablanca"]
[Date "2019.08.24"]
[Round "4.5"]
[White "Chumfwa, Stanley"]
[Black "Zaibi, Amir"]
[Result "0-1"]
[ECO "B48"]
[WhiteElo "2317"]
[BlackElo "2367"]
[Annotator "NA"]
[PlyCount "64"]
[EventDate "2019.08.24"]
[EventType "team-tourn"]
[EventCountry "MAR"]
[SourceTitle "playchess.com"]
[Source "ChessBase"]
[SourceQuality "1"]
[WhiteTeam "Zambia"]
[BlackTeam "Tunisia"]
[WhiteTeamCountry "ZAM"]
[BlackTeamCountry "TUN"]
[TimeControl "900+10"]

1. e4 c5 2. Nf3 e6 3. d4 cxd4 4. Nxd4 Nc6 5. Nc3 Qc7 6. Be3 a6 7. Qd2 Nf6 8. f3 Bb4 9. O-O-O Ne7 10. Qe1 Bxc3 11. Qxc3 Qxc3 12. bxc3 d5 13. e5 Nd7 14. f4 b6 15. Be2 Bb7 16. Nb3 Rc8 17. Kb2 Nc5 18. Nxc5 bxc5 19. Rhe1 O-O 20. g3 Rc7 21. Bf2 Nc8 22. Ka1 Nb6 23. g4 Na4 24. Rd3 Bc6 25. Rg3 Bb5 26. Bxb5 axb5 27. Rb1 Rb8 28. Rb3 Ra7 29. Kb1 Ra5 30. Kc1 Rc8 31. Kd2 Nb6 32. Ke2 Nc4 0-1

[Event "African Games-chT 2019"]
[Site "Casablanca"]
[Date "2019.08.24"]
[Round "4.6"]
[White "Boudriga, Mohamed Ali"]
[Black "Kayonde, Andrew"]
[Result "1/2-1/2"]
[ECO "B19"]
[WhiteElo "2325"]
[BlackElo "2384"]
[Annotator "NA"]
[PlyCount "117"]
[EventDate "2019.08.24"]
[EventType "team-tourn"]
[EventCountry "MAR"]
[SourceTitle "playchess.com"]
[Source "ChessBase"]
[SourceQuality "1"]
[WhiteTeam "Tunisia"]
[BlackTeam "Zambia"]
[WhiteTeamCountry "TUN"]
[BlackTeamCountry "ZAM"]
[TimeControl "900+10"]

1. e4 c6 2. d4 d5 3. Nc3 dxe4 4. Nxe4 Bf5 5. Ng3 Bg6 6. h4 h6 7. Nf3 Nd7 8. h5 Bh7 9. Bd3 Bxd3 10. Qxd3 e6 11. Bd2 Ngf6 12. O-O-O Be7 13. Kb1 Qb6 14. c4 O-O 15. Qe2 Rfe8 16. Ne5 c5 17. Bc3 Rad8 18. Nxd7 Rxd7 19. dxc5 Qxc5 20. Rxd7 Nxd7 21. Ne4 Qc6 22. Rd1 Nc5 23. Nxc5 Bxc5 24. f4 Rc8 25. b3 Ba3 26. Bb2 Bxb2 27. Kxb2 a6 28. g4 b5 29. Rd4 Qh1 30. Rd1 Qb7 31. cxb5 axb5 32. g5 Qc7 33. gxh6 gxh6 34. Rg1+ Kf8 35. Qd2 Rd8 36. Qb4+ Qd6 37. Qxd6+ Rxd6 38. Kc3 Rd5 39. Rh1 Rf5 40. Kb4 Ke7 41. Ka5 Kd6 42. b4 Kc6 43. Rc1+ Kb7 44. Rh1 Rxf4 45. Kxb5 Rf5+ 46. Kc4 Kb6 47. Rh4 e5 48. a4 Rf1 49. Kd5 f6 50. Rc4 Kb7 51. a5 Rf5 52. Ke6 Rf4 53. Rc5 e4 54. Rc4 f5 55. b5 e3 56. Rc1 e2 57. Re1 Rf2 58. Kd6 f4 59. Rg1 1/2-1/2

[Event "African Games-chT 2019"]
[Site "Casablanca"]
[Date "2019.08.24"]
[Round "4.7"]
[White "Mwango, Lorita"]
[Black "Marzouk, Amira"]
[Result "1-0"]
[ECO "A22"]
[WhiteElo "1947"]
[BlackElo "1698"]
[Annotator "NA"]
[PlyCount "35"]
[EventDate "2019.08.24"]
[EventType "team-tourn"]
[EventCountry "MAR"]
[SourceTitle "playchess.com"]
[Source "ChessBase"]
[SourceQuality "1"]
[WhiteTeam "Zambia"]
[BlackTeam "Tunisia"]
[WhiteTeamCountry "ZAM"]
[BlackTeamCountry "TUN"]
[TimeControl "900+10"]

1. c4 e5 2. Nc3 Nf6 3. g3 d5 4. cxd5 Nxd5 5. Bg2 Nxc3 6. bxc3 Be7 7. Nf3 Nc6 8. O-O O-O 9. Qb3 Kh8 10. d3 f5 11. Bb2 Rb8 12. Rad1 Qe8 13. Rfe1 Qg6 14. e3 f4 15. exf4 exf4 16. Ba3 Bxa3 17. Qxa3 fxg3 18. Qxf8# 1-0

[Event "African Games-chT 2019"]
[Site "Casablanca"]
[Date "2019.08.24"]
[Round "4.8"]
[White "Miladi, Amen"]
[Black "Mululu Linah"]
[Result "1-0"]
[ECO "B43"]
[WhiteElo "1811"]
[BlackElo "1633"]
[Annotator "NA"]
[PlyCount "75"]
[EventDate "2019.08.24"]
[EventType "team-tourn"]
[EventCountry "MAR"]
[SourceTitle "playchess.com"]
[Source "ChessBase"]
[SourceQuality "1"]
[WhiteTeam "Tunisia"]
[BlackTeam "Zambia"]
[WhiteTeamCountry "TUN"]
[BlackTeamCountry "ZAM"]
[TimeControl "900+10"]

1. e4 c5 2. Nf3 e6 3. d4 cxd4 4. Nxd4 a6 5. Nc3 Qc7 6. Be2 Nf6 7. O-O b5 8. a3 Bb7 9. Kh1 Nxe4 10. Nxe4 Bxe4 11. Re1 Bb7 12. Bf3 Bxf3 13. Qxf3 Nc6 14. a4 Rc8 15. Nf5 d5 16. axb5 axb5 17. Bf4 Qd8 18. Qd3 g6 19. Ne3 Bg7 20. Qxb5 O-O 21. Rad1 Qf6 22. Bd6 Rfd8 23. Ba3 Qxf2 24. c4 d4 25. Ng4 Qf4 26. h3 h5 27. Rf1 Qg3 28. Nf6+ Bxf6 29. Rxf6 Ne5 30. Be7 Rd7 31. Bc5 d3 32. Bg1 Rxc4 33. Bh2 Qe3 34. Bxe5 Rc1 35. Qb8+ Kh7 36. Rxf7+ Kh6 37. Bf4+ g5 38. Qh8+ 1-0

[Event "African Games-chT 2019"]
[Site "Casablanca"]
[Date "2019.08.24"]
[Round "4.9"]
[White "Gohil, Mehul"]
[Black "Oatlhotse, Providence"]
[Result "0-1"]
[ECO "A45"]
[WhiteElo "2076"]
[BlackElo "2252"]
[Annotator "NA"]
[PlyCount "68"]
[EventDate "2019.08.24"]
[EventType "team-tourn"]
[EventCountry "MAR"]
[SourceTitle "playchess.com"]
[Source "ChessBase"]
[SourceQuality "1"]
[WhiteTeam "Kenya"]
[BlackTeam "Botswana"]
[WhiteTeamCountry "KEN"]
[BlackTeamCountry "BOT"]
[TimeControl "900+10"]

1. d4 Nf6 2. Bg5 e6 3. e4 h6 4. Bxf6 Qxf6 5. c3 d5 6. Nd2 c5 7. Ngf3 cxd4 8. Nxd4 Nc6 9. Bb5 Bd7 10. O-O dxe4 11. Nxe4 Qd8 12. Nxc6 bxc6 13. Bd3 Be7 14. Qe2 O-O 15. Rad1 Qc7 16. Bb1 Rfd8 17. Qh5 Rab8 18. b4 Rb5 19. Qe2 a5 20. a3 Rbb8 21. Rfe1 c5 22. Rd3 axb4 23. axb4 cxb4 24. Rg3 f5 25. Qh5 Qe5 26. f4 Qxf4 27. Qg6 Qe5 28. Rf1 Be8 29. Qxh6 Qxg3 30. Qxe6+ Bf7 31. Qxe7 Qe3+ 32. Kh1 Re8 33. Qd6 bxc3 34. Bd3 Rbd8 0-1

[Event "African Games-chT 2019"]
[Site "Casablanca"]
[Date "2019.08.24"]
[Round "4.10"]
[White "Khetho, Phemelo"]
[Black "Sang, Ricky"]
[Result "1-0"]
[ECO "B20"]
[WhiteElo "2178"]
[BlackElo "1971"]
[Annotator "NA"]
[PlyCount "113"]
[EventDate "2019.08.24"]
[EventType "team-tourn"]
[EventCountry "MAR"]
[SourceTitle "playchess.com"]
[Source "ChessBase"]
[SourceQuality "1"]
[WhiteTeam "Botswana"]
[BlackTeam "Kenya"]
[WhiteTeamCountry "BOT"]
[BlackTeamCountry "KEN"]
[TimeControl "900+10"]

1. e4 c5 2. b3 d6 3. Bb2 Nf6 4. Nc3 e6 5. f4 Be7 6. Nf3 a6 7. d4 cxd4 8. Nxd4 b5 9. Qf3 Bb7 10. Bd3 Qb6 11. Nce2 Nbd7 12. g4 Nc5 13. Ng3 Qa5+ 14. Ke2 d5 15. e5 Nfe4 16. Qe3 O-O 17. a3 Qc7 18. b4 Na4 19. Bxe4 Nxb2 20. Bg2 Qc4+ 21. Kf2 Bh4 22. Rhb1 Na4 23. Bf1 Qc7 24. Kg2 Rac8 25. Bd3 Nc3 26. Rf1 a5 27. Nh5 Be7 28. Qh3 Ne4 29. Nxb5 Qb6 30. bxa5 Qxa5 31. Ng3 Qd2+ 32. Kh1 Bc5 33. Ne2 g6 34. Nbd4 Nc3 35. Qf3 Nxe2 36. Qxe2 Qc3 37. Nf3 d4 38. Kg1 Ra8 39. a4 Bd5 40. Ng5 Rfb8 41. Ne4 Bxe4 42. Qxe4 Qa5 43. f5 exf5 44. gxf5 Bf8 45. e6 fxe6 46. fxg6 Qg5+ 47. Kh1 Qd5 48. gxh7+ Kh8 49. Qxd5 exd5 50. Rg1 Bg7 51. Rg5 Rd8 52. Rag1 Ra7 53. h4 Rd6 54. Rf5 Rd8 55. h5 Rad7 56. Rfg5 Re7 57. h6 1-0

[Event "African Games-chT 2019"]
[Site "Casablanca"]
[Date "2019.08.24"]
[Round "4.11"]
[White "Ndirangu, Joyce Nyaruai"]
[Black "Francis, Onkemetse"]
[Result "0-1"]
[ECO "D00"]
[WhiteElo "1662"]
[BlackElo "1792"]
[Annotator "NA"]
[PlyCount "150"]
[EventDate "2019.08.24"]
[EventType "team-tourn"]
[EventCountry "MAR"]
[SourceTitle "playchess.com"]
[Source "ChessBase"]
[SourceQuality "1"]
[WhiteTeam "Kenya"]
[BlackTeam "Botswana"]
[WhiteTeamCountry "KEN"]
[BlackTeamCountry "BOT"]
[TimeControl "900+10"]

1. d4 d5 2. Bf4 Nf6 3. e3 c6 4. Nd2 Bf5 5. c3 e6 6. Ngf3 h6 7. Be2 Nbd7 8. Ne5 Be7 9. g4 Bh7 10. g5 hxg5 11. Bxg5 Ne4 12. Bxe7 Qxe7 13. Nxe4 Bxe4 14. f3 Nxe5 15. dxe5 Bg6 16. Qd4 Qh4+ 17. Qxh4 Rxh4 18. O-O-O O-O-O 19. Rdg1 Rdh8 20. Rg2 R4h5 21. Kd2 Kd7 22. Ke1 Rxe5 23. Kf2 Reh5 24. Kg1 Rh3 25. Kf2 Ke7 26. Bf1 R3h4 27. h3 Kf6 28. Rg3 e5 29. Bg2 Ra4 30. Ra1 Ra6 31. e4 Rd8 32. Ke3 Rb6 33. b3 c5 34. exd5 Rxd5 35. Bf1 Rbd6 36. Bc4 Rd2 37. Rgg1 Rh2 38. Rgd1 Rxd1 39. Rxd1 Rxa2 40. Rd6+ Ke7 41. Rd5 b6 42. Rxe5+ Kf6 43. Rd5 Bf5 44. Rd6+ Ke7 45. Rc6 Bxh3 46. Rc7+ Kd6 47. Rxf7 a6 48. Rxg7 b5 49. Bd3 Ra3 50. Ra7 Be6 51. f4 Bxb3 52. f5 Bd5 53. f6 c4 54. Bg6 Rxc3+ 55. Kd2 Ra3 56. Bf7 Be4 57. Bg8 c3+ 58. Ke2 Bg6 59. f7 Bxf7 60. Bxf7 b4 61. Kd3 Ra1 62. Bb3 Ra3 63. Kc2 a5 64. Rh7 a4 65. Bg8 Ra1 66. Rh5 Rg1 67. Bh7 Rg2+ 68. Kd3 c2 69. Rh1 b3 70. Kc3 Rh2 71. Rxh2 c1=Q+ 72. Kb4 Qf4+ 73. Ka3 Qxh2 74. Kxa4 Qxh7 75. Kxb3 Qc7 0-1

[Event "African Games-chT 2019"]
[Site "Casablanca"]
[Date "2019.08.24"]
[Round "4.12"]
[White "Gabatshwarwe Refilwe"]
[Black "Mongeli, Sasha"]
[Result "0-1"]
[ECO "D02"]
[WhiteElo "1649"]
[BlackElo "1527"]
[Annotator "NA"]
[PlyCount "170"]
[EventDate "2019.08.24"]
[EventType "team-tourn"]
[EventCountry "MAR"]
[SourceTitle "playchess.com"]
[Source "ChessBase"]
[SourceQuality "1"]
[WhiteTeam "Botswana"]
[BlackTeam "Kenya"]
[WhiteTeamCountry "BOT"]
[BlackTeamCountry "KEN"]
[TimeControl "900+10"]

1. d4 Nf6 2. Nf3 d5 3. Bf4 Bf5 4. e3 e6 5. c3 c6 6. Nbd2 Nbd7 7. h3 h6 8. Be2 Be7 9. Ne5 Ne4 10. Ndf3 O-O 11. g4 Bh7 12. Nxd7 Qxd7 13. Ne5 Qd8 14. Qb3 Nd6 15. Bd3 Bxd3 16. Nxd3 Qb6 17. h4 Nc4 18. g5 h5 19. Rg1 g6 20. Rb1 Qxb3 21. axb3 Na5 22. b4 Nc4 23. Ne5 Nxe5 24. Bxe5 a5 25. bxa5 Rxa5 26. Ke2 Ra2 27. Kd3 Rfa8 28. Bg3 Kf8 29. b4 b5 30. Rgc1 R8a4 31. e4 R2a3 32. exd5 cxd5 33. Kd2 Ke8 34. Rc2 Kd7 35. Rd1 Bd6 36. Bxd6 Kxd6 37. Re1 Ra2 38. Rec1 Rxc2+ 39. Rxc2 Ra1 40. Ke2 Kc6 41. Kf3 Rh1 42. Kg3 Re1 43. Ra2 Rg1+ 44. Kf4 Rg4+ 45. Ke5 Rxh4 46. f3 Rh3 47. Kf4 Rh4+ 48. Kg3 Rh1 49. Ra7 Rg1+ 50. Kf4 Rc1 51. Rxf7 Rxc3 52. Rf6 Kd6 53. Rxg6 Rc4 54. Ke3 Rc3+ 55. Kf4 Rc4 56. Ke3 Rxb4 57. Rh6 Rb3+ 58. Ke2 Rb2+ 59. Kd3 Rb3+ 60. Ke2 Rb2+ 61. Ke3 Rb3+ 62. Ke2 Rb2+ 63. Ke1 Rh2 64. g6 b4 65. Kf1 b3 66. g7 b2 67. Rxe6+ Kxe6 68. g8=Q+ Kd6 69. Qb8+ Kd7 70. Qb5+ Kd6 71. Qb6+ Kd7 72. Qb7+ Kd6 73. Qb8+ Kd7 74. Qxh2 b1=Q+ 75. Kg2 Qc2+ 76. Kg3 Qc7+ 77. Kh3 Qxh2+ 78. Kxh2 Ke6 79. Kg3 Kf5 80. f4 h4+ 81. Kxh4 Kxf4 82. Kh3 Ke4 83. Kg3 Kxd4 84. Kf2 Kc3 85. Ke2 d4 0-1

[Event "African Games-chT 2019"]
[Site "Casablanca"]
[Date "2019.08.24"]
[Round "4.13"]
[White "Bellahcene, Bilel"]
[Black "Adu, Oladapo"]
[Result "1-0"]
[ECO "A00"]
[WhiteElo "2550"]
[BlackElo "2273"]
[Annotator "ChessBase"]
[PlyCount "61"]
[EventDate "2019.08.24"]
[EventType "team-tourn"]
[EventCountry "MAR"]
[SourceTitle "playchess.com"]
[Source "ChessBase"]
[SourceQuality "1"]
[WhiteTeam "Algeria"]
[BlackTeam "Nigeria"]
[WhiteTeamCountry "ALG"]
[BlackTeamCountry "NGR"]
[TimeControl "900+10"]

1. Nh3 d5 2. g3 Nf6 3. d4 c5 4. c3 Nc6 5. Bg2 cxd4 6. cxd4 Qb6 7. e3 Bf5 8. O-O e6 9. Nc3 Be7 10. Nf4 Rd8 11. h3 h6 12. Nd3 O-O 13. g4 Bg6 14. Nf4 Bh7 15. b3 Ne4 16. Na4 Qc7 17. Bb2 b5 18. Nc5 e5 19. Nxd5 Rxd5 20. Nxe4 Rfd8 21. Nc3 Rc5 22. dxc5 Rxd1 23. Rfxd1 Nb4 24. Nd5 Nxd5 25. Rxd5 f6 26. c6 Kf8 27. Rd7 Qc8 28. Rc1 a5 29. Ra7 e4 30. c7 Bd6 31. Ra8 1-0

[Event "African Games-chT 2019"]
[Site "Casablanca"]
[Date "2019.08.24"]
[Round "4.14"]
[White "Osunfuyi, Abimbola"]
[Black "Arab, Adlane"]
[Result "0-1"]
[ECO "A46"]
[WhiteElo "2235"]
[BlackElo "2485"]
[Annotator "ChessBase"]
[PlyCount "138"]
[EventDate "2019.08.24"]
[EventType "team-tourn"]
[EventCountry "MAR"]
[SourceTitle "playchess.com"]
[Source "ChessBase"]
[SourceQuality "1"]
[WhiteTeam "Nigeria"]
[BlackTeam "Algeria"]
[WhiteTeamCountry "NGR"]
[BlackTeamCountry "ALG"]
[TimeControl "900+10"]

1. d4 Nf6 2. Nf3 e6 3. g3 b5 4. Bg2 Bb7 5. O-O c5 6. c4 bxc4 7. Qa4 Nc6 8. dxc5 Bxc5 9. Qxc4 Be7 10. Nc3 d5 11. Qb5 Qd7 12. Rd1 a6 13. Qa4 Nb4 14. a3 Qxa4 15. Nxa4 Nc6 16. Bf4 Nd7 17. Rac1 Rc8 18. Be3 O-O 19. Nb6 Nxb6 20. Bxb6 Bf6 21. Rc2 Ne5 22. Rxc8 Rxc8 23. Nxe5 Bxe5 24. Bd4 Bd6 25. f4 f6 26. e3 Rc2 27. Bf1 Kf7 28. Bc3 Bc5 29. Re1 Rc1 30. Kf2 Rc2+ 31. Kg1 Rc1 32. Kf2 Rxe1 33. Bxe1 e5 34. Bc3 Ke6 35. Bh3+ Kd6 36. fxe5+ fxe5 37. Bf5 g6 38. Bd3 Bc8 39. b4 Bb6 40. a4 d4 41. Bd2 Kd5 42. e4+ Kd6 43. Kf3 Bd8 44. b5 a5 45. Bc4 h5 46. h4 Bg4+ 47. Kf2 Bd1 48. Bh6 Kc5 49. Bf7 Bxa4 50. Bf8+ Kb6 51. Bxg6 Bd1 52. Be8 a4 53. Bb4 Bf6 54. Bd6 Bg7 55. Be7 Bg4 56. Bd8+ Kb7 57. Bc6+ Kc8 58. Be7 Bd7 59. Bd5 Bxb5 60. Bf7 Bd3 61. Bxh5 Bxe4 62. Be8 Bc2 63. g4 e4 64. g5 d3 65. Bf6 d2 66. Bh5 Bxf6 67. gxf6 Kd8 68. Ke3 a3 69. Kxd2 a2 0-1

[Event "African Games-chT 2019"]
[Site "Casablanca"]
[Date "2019.08.24"]
[Round "4.15"]
[White "Nassr, Lina"]
[Black "Ogbiyoyo, Perpetual Eloho"]
[Result "1-0"]
[ECO "A80"]
[WhiteElo "1938"]
[BlackElo "1831"]
[Annotator "NA"]
[PlyCount "75"]
[EventDate "2019.08.24"]
[EventType "team-tourn"]
[EventCountry "MAR"]
[SourceTitle "playchess.com"]
[Source "ChessBase"]
[SourceQuality "1"]
[WhiteTeam "Algeria"]
[BlackTeam "Nigeria"]
[WhiteTeamCountry "ALG"]
[BlackTeamCountry "NGR"]
[TimeControl "900+10"]

1. d4 f5 2. Nf3 Nf6 3. e3 e6 4. c4 d6 5. Nc3 Be7 6. Be2 O-O 7. Qc2 c5 8. dxc5 dxc5 9. O-O Nc6 10. b3 a6 11. Bb2 Qc7 12. Rfd1 e5 13. Nd5 Nxd5 14. cxd5 Nb4 15. Qd2 e4 16. d6 Bxd6 17. Qxd6 Qxd6 18. Rxd6 exf3 19. Bxf3 Re8 20. a3 Nc6 21. Rc1 Be6 22. Rxc5 Rad8 23. Rxd8 Rxd8 24. h3 g6 25. b4 Rc8 26. Bc3 Kf7 27. Kf1 Nd8 28. Rxc8 Bxc8 29. Ke2 Ke6 30. Kd3 Bd7 31. Kc4 Kd6 32. Bd4 Bb5+ 33. Kc3 Nc6 34. Bc5+ Ke5 35. Bd1 Bf1 36. f4+ Kd5 37. Bf3+ Ke6 38. e4 1-0